 Dungeon Crawl Stone Soup version 0.30-a0-946-gec5dcfc036 (webtiles) character file.

Game seed: 4662906628926839537

46 2tousent the Chiller (level 3, -2/26 HPs)
             Began as a Demonspawn Ice Elementalist on Mar 26, 2023.
             Slain by a gnoll
             ... wielding a +0 whip
              (6 damage)
             ... on level 2 of the Dungeon.
             The game lasted 00:01:40 (1120 turns).

2tousent the Chiller (Demonspawn Ice Elementalist)  Turns: 1120, Time: 00:01:42

Health: -2/26      AC:  2    Str:  8    XL:     3   Next: 46%
Magic:  3/6        EV: 12    Int: 18    God:
Gold:   60         SH:  0    Dex: 13    Spells: 5/6 levels left

rFire   . . .      SeeInvis .    h - +0 dagger
rCold   . . .      Faith    .    (no shield)
rNeg    . . .      Spirit   .    a - +0 robe
rPois   .          Reflect  .    (helmet restricted)
rElec   .          Rampage  .    (no cloak)
rCorr   .                        (no gloves)
Will    .....                    (no boots)
Stlth   ++                       (no amulet)
HPRegen 0.24/turn                (no ring)
MPRegen 0.10/turn                (no ring)

@: no status effects
A: horns 1
a: no special abilities


You were on level 2 of the Dungeon.
You visited 1 branch of the dungeon, and saw 2 of its levels.

You collected 60 gold pieces.

Inventory:

Hand Weapons
 h - a +0 dagger (weapon)
Armour
 a - a +0 robe (worn)
Scrolls
 c - a scroll of amnesia {unknown}
Potions
 b - a potion of magic
 d - 2 potions of brilliance
 g - a potion of degeneration {unknown}


   Skills:
 + Level 1.3 Fighting
 - Level 1.8 Dodging
 - Level 1.8 Stealth
 + Level 2.4 Spellcasting
 * Level 4.2 Ice Magic


You had 5 spell levels left.
You knew the following spells:

 Your Spells              Type           Power      Damage    Failure   Level
a - Freeze                Ice            68%        1d8       3%          1

Your spell library contained the following spells:

 Spells                   Type           Power      Damage    Failure   Level
 Frozen Ramparts          Ice            34%        1d6       9%          3
 Ozocubu's Armour         Ice            17%        N/A       9%          3
 Summon Ice Beast         Ice/Summ       9%         N/A       58%         4


Dungeon Overview and Level Annotations

Branches:
Dungeon (2/15)

Altars:

Shops:
D:1 =


Innate Abilities, Weirdness & Mutations

You have a pair of small horns on your head.


Message History

An endoplasm is nearby!
The helpless endoplasm fails to defend itself.
You hit the endoplasm.
The endoplasm is almost dead.
The endoplasm hits you but does no damage.
You freeze the endoplasm.
You kill the endoplasm!
A hobgoblin comes into view.
A hobgoblin is nearby!
A frilled lizard comes into view.
Found 12 gold pieces.
You can't see any susceptible monsters within range! (Use Z to cast anyway.)
A gnoll comes into view. It is wielding a +0 whip.
Found 24 gold pieces.
The hobgoblin shouts!
The gnoll shouts!
The hobgoblin hits you.
You freeze the gnoll.
The gnoll is lightly wounded.
The frilled lizard hisses angrily.
The gnoll closely misses you. The hobgoblin hits you.
An endoplasm comes into view.
You freeze the gnoll.
The gnoll is heavily wounded.
The gnoll hits you with a +0 whip! The frilled lizard closely misses you.
The hobgoblin closely misses you.
You are too injured to fight recklessly!
You are too injured to fight recklessly!
The frilled lizard attacks as you move away!
The frilled lizard barely misses you. The gnoll attacks as you move away!
The gnoll hits you with a +0 whip!
* * * LOW HITPOINT WARNING * * *
Casting: Freeze (safe; 3% risk of failure)
Confirm with . or Enter, or press ? or * to list all spells.
Aiming: Freeze (safe; 3% risk of failure)
Press: ? - help, Shift-Dir - straight line, f/p - gnoll
Aim: a gnoll, wielding a +0 whip (heavily wounded)
You freeze the gnoll.
The gnoll is heavily wounded.
The gnoll hits you with a +0 whip.
You die...

****** **,~,,**, **####* #######
*,~,***, ,,,...####...).# *,~,*
*,
*####.#..†.###.############~,***,
#..#......#$#...#........#,~,***
#....#..###.###.#.#****#.#*,~**,
##..#...#,,...#...######.##,,~**
#....###,**#l###...$..#<.#,,~**
#.##.#,,,* #gg@..#.##.#.###,,,_
#,*#.###,**#.###.#.#*.#...#####
*,*#...#,,$..#...#.##.###......
*,*##..###.###...#.#..#.+......
*,* #....#$#,....#.#.##.#......
*,* #....###.#.#..........#+#..
#.###........#.#.....##.#.#,*..
#.......................#.#,*,.
#######.######............#,**,


You could see a gnoll, a hobgoblin and a frilled lizard.

Vanquished Creatures
  An adder (D:2)
  2 worms (D:2)
  A dart slug (D:1)
  2 bats (D:1)
  3 endoplasms
  A giant cockroach (D:1)
  3 goblins (D:1)
  3 hobgoblins (D:1)
  4 jackals (D:1)
  A kobold (D:2)
  2 ball pythons
  A frilled lizard (D:1)
  2 rats (D:1)
26 creatures vanquished.

Notes
Turn   | Place    | Note
-------+----------+-------------------------------------------
     0 | D:1      | 2tousent the Demonspawn Ice Elementalist began the quest
                  | for the Orb.
     0 | D:1      | Reached XP level 1. HP: 13/13 MP: 3/3
    83 | D:1      | Found Juthodist's Jewellery Shop.
   337 | D:1      | Gained mutation: You have a pair of small horns on your
                  | head. [demonic ancestry]
   337 | D:1      | Reached XP level 2. HP: 20/20 MP: 0/5
   534 | D:1      | Reached skill level 4 in Ice Magic
   549 | D:1      | Reached skill level 1 in Fighting
   976 | D:2      | Reached XP level 3. HP: 26/26 MP: 1/6
  1120 | D:2      | Slain by a gnoll

Illustrated notes

Levels and vault maps discovered:
D:1:      dpeg_arrival_another_circle, layout_basic, serial_shops, shop
D:2:      layout_basic, shapermc_ecumenical_altar_hornbeckon, minmay_quantized

Skill      XL: |  1  2 |
---------------+-------+-----
Ice Magic      | 4 |  4.2
Fighting       | 1 |  1.3
Dodging        | |  1.8
Stealth        | |  1.8
Spellcasting   | |  2.4

Action                     || total
---------------------------++-------
  Melee: Unarmed           ||    29
         Headbutt          ||     9
         Dagger            ||     9
   Cast: Freeze            ||    42
    Use: Scroll            ||     3
   Stab: Sleeping          ||     2
 Armour: Robe              ||    14
  Dodge: Dodged            ||    39

Table legend: (Time is in decaauts)
 A = Elapsed time spent in this place.
 B = Non-inter-level travel time spent in this place.
 C = Inter-level travel time spent in this place.
 D = Time resting spent in this place.
 E = Time spent auto-exploring this place.
 F = Levels seen in this place.
 G = Mean time per level.
                   A        B        C        D        E       F      G
               +--------+--------+--------+--------+--------+-----+--------+
         Total |   1119 |   1070 |     49 |     20 |    839 |   2 |  559.5 |
       Dungeon |   1119 |   1070 |     49 |     20 |    839 |   2 |  559.5 |
               +--------+--------+--------+--------+--------+-----+--------+

Top non-repeatable levels by time:
     D:1: 908 daAuts
     D:2: 210 daAuts
